Selects Italian Combined Arms Battlegroup
Selects Bersaglieri Squad
Kradschützen Motorcycle Team
Construct Light Support Kompanie
Selects Bersaglieri Bolster
Panzerjäger Mechanized Group
Selects Vehicle Support - Force Recon
Pak 38 Anti-tank Gun Team
Construct Panzerarmee Kommand
Selects Semovente da 75/18 Assault Gun
Walking Stuka Rocket Launcher
Walking Stuka Rocket Launcher
Pak 38 Anti-tank Gun Team
Pak 38 Anti-tank Gun Team
Construct Light Support Kompanie
Construct Mechanized Kompanie
Construct Light Support Kompanie
Construct Light Support Kompanie
Pak 38 Anti-tank Gun Team
Semovente da 75/18 Assault Gun
Construct Light Support Kompanie